 Dungeon Crawl Stone Soup version 0.28-a0-991-g956f0ee3d5 (webtiles) character file.

Game seed: 15017134359210759943

285 heikuro the Shield-Bearer (level 6, -2/49 HPs)
             Began as a Formicid Fighter on Oct 30, 2021.
             Was an Initiate of Gozag.
             Slain by an orc (4 damage)
             ... on level 4 of the Dungeon on Dec 4, 2021.
             The game lasted 00:07:07 (3961 turns).

heikuro the Shield-Bearer (Formicid Fighter)        Turns: 3961, Time: 00:07:08

Health: -2/49      AC:  9    Str: 22    XL:     6   Next: 55%
Magic:  6/6        EV:  9    Int:  8    God:    Gozag
Gold:   168        SH:  4    Dex: 10    Spells: 5/5 levels left

rFire   . . .      SeeInvis +   a - +0 war axe
rCold   . . .      Faith    .   c - +0 buckler
rNeg    . . .      Spirit   .   b - +0 scale mail
rPois   .          Reflect  .   (helmet unavailable)
rElec   .          Harm     .   (no cloak)
rCorr   .          Rampage  .   s - +1 pair of gloves
Will    .....                   (no boots)
Stlth   ..........              (no amulet)
HPRegen 0.16/turn               (no ring)
MPRegen 0.10/turn               (no ring)

@: mighty, lethally poisoned (-2 -> -4), gold aura
A: permanent stasis, dig shafts and tunnels, antennae 3, four strong arms
a: Dig, Shaft Self, Renounce Religion, Potion Petition, Call Merchant, Bribe
Branch


You were on level 4 of the Dungeon.
You worshipped Gozag.
Gozag was aware of your devotion.
You visited 1 branch of the dungeon, and saw 4 of its levels.

You collected 195 gold pieces.
You paid 27 gold pieces to Gozag.

Inventory:

Hand Weapons
 a - a +0 war axe (weapon)
Missiles
 u - 2 boomerangs of dispersal
Armour
 b - a +0 scale mail (worn)
 c - a +0 buckler (worn)
 s - a +1 pair of gloves (worn)
Jewellery
 q - an amulet of magic regeneration
Wands
 p - a wand of polymorph (2)
 x - a wand of flame (21)
Scrolls
 e - 2 scrolls of fear {unknown}
 g - 2 scrolls of teleportation {unknown}
 k - a scroll of amnesia {unknown}
 l - a scroll of fog {unknown}
 m - a scroll of torment {unknown}
 n - a scroll of identify {unknown}
 w - a scroll of enchant weapon {unknown}
Potions
 d - 2 potions of might
 f - 2 potions of curing {unknown}
 h - a potion of haste {unknown}
 i - 3 potions of heal wounds {unknown}
 j - a potion of attraction {unknown}
 o - a potion of resistance {unknown}
 r - a potion of berserk rage {unknown}
 t - a potion of brilliance {unknown}
 v - a potion of cancellation {unknown}


   Skills:
 + Level 4.4 Fighting
 * Level 4.1 Axes
 + Level 4.4 Armour
 + Level 4.8 Shields
 + Level 1.4 Evocations


You had 5 spell levels left.
You didn't know any spells.
Your spell library contained the following spells:

 Spells                   Type           Power      Damage    Failure   Level
 Freeze                   Ice            0%         1d3       73%         1
 Magic Dart               Conj           0%         1d3       73%         1
 Call Imp                 Summ           0%         N/A       86%         2
 Frozen Ramparts          Ice            0%         1d2       97%         3
 Mephitic Cloud           Conj/Pois/Air  0%         N/A       97%         3
 Hailstorm                Conj/Ice       0%         3d3       100%        4


Dungeon Overview and Level Annotations

Branches:
Dungeon (4/15)             Temple (0/1) D:4

Altars:
Dithmenos
Gozag
Nemelex Xobeh
Zin


Innate Abilities, Weirdness & Mutations

You cannot be hasted, slowed, berserked, paralysed or teleported.
You can dig through walls and to a lower floor.
You have a pair of large antennae on your head. (SInv)
Your four strong arms can wield two-handed weapons with a shield.


Message History

You feel very sick. You block the water moccasin's attack.
The orc barely misses you.
The orc zaps a wand.
Some rock shatters into small pieces.
The water moccasin completely misses you.
You closely miss the orc. You slash the bullfrog!
You barely miss the water moccasin.
You feel very sick. The bullfrog hits you. The orc hits you but does no damage.
The water moccasin bites you but does no damage.
The bullfrog barely misses you.
Unknown command.
You slash the orc!
You kill the orc!
You slash the bullfrog! You barely miss the water moccasin.
You feel sick. The bullfrog hits you.
* * * LOW HITPOINT WARNING * * *
The water moccasin barely misses you. You block the bullfrog's attack.
The water moccasin closely misses you.
The orc is distracted by your dazzling golden aura.
You completely miss the water moccasin.
The water moccasin is severely wounded.
You barely miss the bullfrog.
You feel sick.
The orc shouts!
The orc is no longer distracted by gold.
The bullfrog closely misses you. The water moccasin closely misses you.
You hear a zap.
Some rock shatters into small pieces.
You block the bullfrog's attack. You block the water moccasin's attack.
The kobold hits you but does no damage.
Unknown command.
You miss the water moccasin.
The water moccasin is severely wounded.
You closely miss the kobold. You slash the bullfrog!
You kill the bullfrog!
You hit the orc.
You feel sick. The orc hits you with a +0 hand axe.
* * * LOW HITPOINT WARNING * * *
You block the water moccasin's attack. The kobold hits you with a +0 club.
* * * LOW HITPOINT WARNING * * *
The orc hits you with a +0 hand axe.
You die...
Your body crumbles into a pile of gold.

###.#.##..##.#........
##...#.....#..#####..##
#######.............#
#..#
#................##..
..#
#..................##.#
#..
#................#..#.
..#
#....................
#..
#...........$o..#.#.##
#>........#.@Sl.#....##
#...........#Ko.##.# .#
#..........###.....##.#
###. #########..#
#.......o#..... #)##
###.##........ #.#
#........... ##.#
#####.<....o #..#
....... #.## { l......


You could see a water moccasin, an iguana, 2 orcs and a kobold.

Vanquished Creatures
  A bullfrog (D:4)
  A water moccasin skeleton (D:4)
  An orc priest (D:3)
  A hound (D:4)
  A centaur skeleton (D:4)
  Robin (D:2)
  5 adders
  An adder skeleton (D:4)
  A dart slug (D:3)
  6 orcs
  4 bats
  7 endoplasms
  A giant cockroach (D:1)
  18 goblins
  7 hobgoblins
  4 quokkas
  5 ball pythons
  3 frilled lizards
  6 kobolds
  8 rats
82 creatures vanquished.

Notes
Turn   | Place    | Note
-------+----------+-------------------------------------------
     0 | D:1      | heikuro the Formicid Fighter began the quest for the Orb.
     0 | D:1      | Reached XP level 1. HP: 18/18 MP: 1/1
   178 | D:1      | Reached XP level 2. HP: 20/24 MP: 2/2
   476 | D:1      | Reached XP level 3. HP: 29/29 MP: 3/3
   697 | D:1      | Found a faded altar of an unknown god.
   856 | D:1      | You fall into a shaft and drop 1 floor!
  1382 | D:2      | Reached XP level 4. HP: 37/37 MP: 4/4
  1388 | D:2      | Noticed Robin
  1415 | D:2      | Killed Robin
  1899 | D:2      | Found a shadowy altar of Dithmenos.
  2239 | D:3      | Reached XP level 5. HP: 41/42 MP: 5/5
  2528 | D:3      | Found a glowing silver altar of Zin.
  2528 | D:3      | Found an opulent altar of Gozag.
  2544 | D:3      | Became a worshipper of Gozag Ym Sagoz the Greedy
  3100 | D:4      | Noticed an ogre
  3122 | D:4      | Found a staircase to the Ecumenical Temple.
  3448 | D:4      | Found a sparkling altar of Nemelex Xobeh.
  3457 | D:4      | Reached skill level 1 in Evocations
  3457 | D:4      | Reached XP level 6. HP: 44/49 MP: 6/6
  3610 | D:3      | Upgraded the game from 0.28-a0-751-gef3a642a4e to
                  | 0.28-a0-991-g956f0ee3d5
  3941 | D:4      | Noticed a water moccasin
  3961 | D:4      | HP: 2/49 [kobold (2)]
  3961 | D:4      | Slain by an orc

Illustrated notes

Levels and vault maps discovered:
D:1:      giann_forest_graveyard, layout_loops_cross,
          hellmonk_ecumenical_altar_slurped_away, minmay_misc_feat_columns
D:2:      layout_loops_ring, basic_altar, uniq_robin
D:3:      layout_rooms, grunt_temple_overflow_gold_and_silver
D:4:      layout_rooms, nemelex_xobeh_ov_fountains_minmay, temple_statues

Skill      XL: |  1  2  3  4  5 |
---------------+----------------+-----
Shields        | 4 |  4.8
Axes           | 3 4 |  4.1
Fighting       | 4 |  4.4
Armour         | 4 |  4.4
Evocations     | 1 |  1.4

Action                   |  1- 3 |  4- 6 || total
-------------------------+-------+-------++-------
Melee: War axe           |   110 |   165 ||   275
       Unarmed           |       |    13 ||    13
 Abil: Dig               |       |     1 ||     1
  Use: Potion            |       |     1 ||     1
Armor: Scale mail        |    43 |   108 ||   151
Dodge: Dodged            |    54 |   102 ||   156
Block: Buckler           |    24 |    36 ||    60

Table legend: (Time is in decaauts)
 A = Elapsed time spent in this place.
 B = Non-inter-level travel time spent in this place.
 C = Inter-level travel time spent in this place.
 D = Time resting spent in this place.
 E = Time spent auto-exploring this place.
 F = Levels seen in this place.
 G = Mean time per level.
                   A        B        C        D        E       F      G
               +--------+--------+--------+--------+--------+-----+--------+
         Total |   4058 |   3875 |    183 |   1149 |   1547 |   4 | 1014.5 |
       Dungeon |   4058 |   3875 |    183 |   1149 |   1547 |   4 | 1014.5 |
               +--------+--------+--------+--------+--------+-----+--------+

Top non-repeatable levels by time:
     D:2: 1650 daAuts
     D:1: 1031 daAuts
     D:3: 916 daAuts
     D:4: 459 daAuts
